 Dungeon Crawl Stone Soup version 0.27.1-4-g1640c2035a (webtiles) character file.

Game seed: 2863130168898901638

175 H0rd4k the Charlatan (level 5, -4/38 HPs)
             Began as a Human Artificer on Nov 4, 2021.
             Slain by an orc warrior (6 damage)
             ... on level 4 of the Dungeon.
             The game lasted 00:03:34 (4767 turns).

H0rd4k the Charlatan (Human Artificer)              Turns: 4767, Time: 00:03:35

Health: -4/38      AC:  5    Str: 13    XL:     5   Next: 85%
Magic:  0/5        EV: 12    Int: 14    God:
Gold:   135        SH:  0    Dex: 14    Spells: 4/4 levels left

rFire    . . .     SeeInvis .   u - +2 short sword (speed)
rCold    . . .     Faith    .   (no shield)
rNeg     . . .     Spirit   +   b - +0 leather armour
rPois    .         Reflect  .   t - +1 helmet {Int+3}
rElec    .         Harm     .   (no cloak)
rCorr    .         Rampage  .   (no gloves)
Will     .....                  (no boots)
Stlth    +.........             f - amulet of guardian spirit
HPRegen  0.12/turn              (no ring)
MPRegen  0.09/turn              (no ring)

@: no status effects
A: no striking features
a: no special abilities


You were on level 4 of the Dungeon.
You visited 1 branch of the dungeon, and saw 4 of its levels.

You collected 135 gold pieces.

Inventory:

Hand Weapons
 a - a +0 club
 g - a +0 dagger
 j - a +0 scimitar
 u - a +2 short sword of speed (weapon)
Armour
 b - a +0 leather armour (worn)
 t - a +1 helmet of intelligence (worn)
Jewellery
 f - an amulet of guardian spirit (around neck)
 s - an amulet of the acrobat
Wands
 c - a wand of flame (15) (quivered)
 d - a wand of charming (13)
Scrolls
 h - a scroll of amnesia {unknown}
 i - 3 scrolls of enchant armour {unknown}
 k - 2 scrolls of teleportation {unknown}
 l - 2 scrolls of identify {unknown}
 m - a scroll of enchant weapon {unknown}
 p - 3 scrolls of blinking {unknown}
 q - 2 scrolls of vulnerability {unknown}
 x - a scroll of fear {unknown}
Potions
 n - a potion of ambrosia {unknown}
 o - 2 potions of brilliance {unknown}
 r - a potion of haste {unknown}
 v - a potion of curing {unknown}
 w - a potion of lignification {unknown}
 z - a potion of resistance {unknown}
Miscellaneous
 e - a piece from Xom's chessboard (15/15)


   Skills:
 + Level 1.8 Fighting
 + Level 1.1(2.2) Short Blades
 + Level 3.0(3.1) Long Blades
 - Level 2.0 Armour
 + Level 2.2 Dodging
 - Level 1.0 Stealth
 + Level 4.0 Evocations


You had 4 spell levels left.
You didn't know any spells.
Your spell library was empty.

Dungeon Overview and Level Annotations

Branches:
Dungeon (4/15)
 Temple: D:4-7

Altars:

Annotations:
D:1 exclusion: downstairs


Message History

The adder is almost dead.
The adder bites you but does no damage.
An adder is nearby!
An adder is nearby!
An adder is nearby!
You miss the adder.
The adder is almost dead.
The adder closely misses you.
You hit the adder.
You kill the adder!
Your Long Blades skill increases to level 3!
Found 17 bolts.
Found a stone staircase leading down.
There is a stone staircase leading down here.
Key pressed, stopping explore.
There is a large open door here.
You see here a +0 whip.
The orc shouts!
An orc is nearby!
An orc is nearby!
An orc is nearby!
An orc warrior comes into view. It is wielding a +0 glaive.
The orc hits you with a +0 trident.
You hit the orc.
The orc is severely wounded.
The orc warrior hits you from afar with a +0 glaive!
You hit the orc.
You kill the orc!
The orc warrior hits you with a +0 glaive!
You see here a +0 trident.
You are too injured to fight recklessly!
You are too injured to fight recklessly!
The orc warrior hits you from afar with a +0 glaive!
* * * LOW HITPOINT WARNING * * *
Aiming: Charm
Press: ? - help, Shift-Dir - straight line, f - orc warrior
Aim: an orc warrior, wielding a +0 glaive and wearing a +0 chain mail (chance to affect: 58%)
The orc warrior resists with significant effort.
The orc warrior hits you from afar with a +0 glaive.
You die...

##.....).♣♣....)..##.
#........♣♣........#.
#.......♣♣♣♣.......#.
#......♣♣ ♣♣......#.
#..♣♣♣♣♣ ♣♣♣♣♣..#.
#..♣♣♣♣♣ ♣♣♣♣♣..#.
#......♣♣ ♣♣......#.
#.......♣♣♣♣.......#.
#...@....♣♣........##
##.......♣♣.......###
##...o..♣♣......##.#
##.....♣♣.....###.#
##..........## #.#
##........## #.#
####''#### #.. #...#
###
#.#####.############


You could see an orc warrior.

Vanquished Creatures
  Jessica (D:2)
  An orc wizard (D:3)
  Robin (D:2)
  3 adders
  An adder skeleton (D:4)
  2 worms
  2 dart slugs (D:1)
  2 orcs
  6 endoplasms
  3 giant cockroaches
  8 hobgoblins
  4 quokkas
  7 ball pythons
  2 bats
  13 goblins
  9 kobolds
  5 rats
70 creatures vanquished.

Vanquished Creatures (collateral kills)
  An orc (D:3)
1 creature vanquished.

Vanquished Creatures (others)
  A plant (D:3)
1 creature vanquished.

Grand Total: 72 creatures vanquished

Notes
Turn   | Place    | Note
-------+----------+-------------------------------------------
     0 | D:1      | H0rd4k the Human Artificer began the quest for the Orb.
     0 | D:1      | Reached XP level 1. HP: 15/15 MP: 1/1
   388 | D:1      | Reached XP level 2. HP: 7/21 MP: 2/2
   951 | D:1      | Reached XP level 3. HP: 25/26 MP: 3/3
  1538 | D:2      | Noticed Robin
  1563 | D:2      | Reached skill level 1 in Long Blades
  1675 | D:2      | Reached skill level 4 in Evocations
  2023 | D:2      | Reached XP level 4. HP: 20/32 MP: 4/4
  2340 | D:2      | Noticed Jessica
  2349 | D:2      | Killed Jessica
  2887 | D:2      | Killed Robin
  2888 | D:2      | Reached XP level 5. HP: 37/37 MP: 5/5
  3131 | D:3      | Found a faded altar of an unknown god.
  4279 | D:4      | Reached skill level 1 in Short Blades
  4759 | D:4      | Noticed an orc warrior
  4765 | D:4      | HP: 1/38 [orc warrior (15)]
  4767 | D:4      | Slain by an orc warrior

Illustrated notes

Levels and vault maps discovered:
D:1:      amcnicky_arrival_flooded_fountain, layout_rooms,
          minmay_misc_feat_rugged
D:2:      layout_rooms, serial_glass, glass_columns_b, glass_columns_a,
          uniq_robin, uniq_jessica
D:3:      layout_loops_ring, shapermc_ecumenical_altar_mp_ritualfount
D:4:      layout_basic, kennysheep_cross_room, st_stairs_5

Skill      XL: |  1  2  3  4  5 |
---------------+----------------+-----
Long Blades    | 1 2 3 |  3.0
Evocations     | 4 |  4.0
Dodging        | 2 |  2.2
Short Blades   | 1 |  1.1
Fighting       | |  1.8
Armour         | |  2.0
Stealth        | |  1.0

Action                   |  1- 3 |  4- 6 || total
-------------------------+-------+-------++-------
Melee: Dagger            |    45 |       ||    45
       Club              |     3 |       ||     3
       Scimitar          |    59 |    38 ||    97
       Short sword       |       |    82 ||    82
Evoke: Wand              |       |     2 ||     2
 Stab: Sleeping          |     1 |     3 ||     4
       Distracted        |       |     1 ||     1
Armor: Leather armour    |    42 |    31 ||    73
Dodge: Dodged            |   104 |    61 ||   165
       Rpst.: Scimitar   |    21 |    11 ||    32
